AoeStats
← 陟遐自迩

Arabia

504684066Analyzed
4v4 RM · 27d ago on Sep 6, 2026· 58m 6s· 8 players
Game mode
Random Map
Map size
Large (8 player)
Population
200
Speed
Normal
Resources
Standard
Victory
Conquest
Starting age
Dark Age
Ending age
Imperial Age
RankedLock teamsTeams togetherTeam positionsShared explorationLock speedFull tech treeHidden civsTurbo modeCheats
Victory
Defeat
🇦🇺 Vietnamese · Australia
1108
+16
🇨🇳 Cumans · China
1094
+17
🇩🇪 Muisca · Germany
1093
+17
🇨🇴 Wei · Colombia
1078
+17
🇮🇳 Berbers · India
1140
-18
🇫🇮 Georgians · Finland
1130
-17
🇯🇵 Teutons · Japan
1111
-17
🇪🇸 Wei · Spain
1058
-15
MU CHEN
0:56 Loom
10:01 Feudal Age
10:43 Double-Bit Axe
10:40 Horse Collar
20:29 Wheelbarrow
20:38 Wheelbarrow
23:01 Castle Age
22:27 Bloodlines
22:30 Forging
22:25 Scale Barding Armor
22:30 Forging
22:25 Scale Barding Armor
22:35 Gold Mining
22:37 Stone Mining
24:02 Hand Cart
24:27 Gold Shaft Mining
24:05 Bow Saw
23:57 Heavy Plow
26:37 Iron Casting
27:12 Chain Barding Armor
32:15 Capped Ram
37:57 Imperial Age
36:43 Town Watch
39:51 Conscription
39:34 Steppe Husbandry
39:14 Pikeman
39:56 Squires
39:41 Arson
39:56 Squires
39:41 Arson
41:25 Blast Furnace
40:26 Scale Mail Armor
41:02 Plate Barding Armor
40:26 Halberdier
40:54 Arson
43:42 Two-Man Saw
43:23 Crop Rotation
42:34 Light Cavalry
44:16 Chain Mail Armor
43:50 Hussar
46:14 Siege Ram
50:04 Thumb Ring
50:24 Parthian Tactics
49:22 Crossbowman
50:35 Plate Mail Armor
49:56 Fletching
50:06 Padded Archer Armor
49:57 Fletching
53:55 Town Patrol
54:10 Bodkin Arrow
54:31 Leather Archer Armor
54:44 Ballistics
55:24 Chemistry
56:47 Elite Kipchak
57:29 Cuman Mercenaries
hyperghost
6:56 Loom
9:43 Feudal Age
11:27 Horse Collar
11:32 Double-Bit Axe
16:19 Fletching
21:10 Castle Age
20:00 Padded Archer Armor
22:02 Bloodlines
21:59 Bodkin Arrow
21:38 Crossbowman
23:13 Scale Barding Armor
25:25 Thumb Ring
29:07 Bow Saw
29:50 Ballistics
31:41 Gold Mining
31:42 Stone Mining
33:15 Wheelbarrow
33:00 Treadmill Crane
33:38 Hand Cart
34:06 Heavy Plow
40:08 Imperial Age
40:20 Arbalester
41:13 Bracer
42:35 Siege Engineers
43:41 Two-Man Saw
44:13 Leather Archer Armor
45:36 Paper Money
45:50 Ring Archer Armor
46:02 Stone Shaft Mining
47:27 Chemistry
46:57 Pikeman
47:39 Squires
47:40 Scale Mail Armor
48:49 Chain Mail Armor
48:42 Elite Skirmisher
50:12 Forging
50:06 Imperial Skirmisher
51:32 Arson
52:18 Plate Mail Armor
52:13 Halberdier
53:34 Iron Casting
54:38 Bloodlines
54:28 Husbandry
54:52 Chain Barding Armor
54:43 Light Cavalry
56:50 Town Watch
rubendariod01
7:32 Loom
11:23 Feudal Age
11:53 Double-Bit Axe
13:28 Wheelbarrow
19:17 Horse Collar
22:17 Castle Age
20:26 Scale Barding Armor
21:15 Gold Mining
陟遐自迩
0:45 Loom
13:02 Feudal Age
14:31 Horse Collar
21:16 Castle Age
19:16 Double-Bit Axe
19:35 Stone Mining
21:31 Wheelbarrow
21:22 Gold Mining
24:42 Bow Saw
24:55 Heavy Plow
27:02 Forging
26:57 Scale Mail Armor
27:25 Squires
29:52 Gold Shaft Mining
29:59 Stone Shaft Mining
30:47 Iron Casting
30:28 Chain Mail Armor
35:02 Imperial Age
33:06 Fletching
33:35 Hand Cart
33:05 Town Watch
36:53 Two-Man Saw
37:05 Crop Rotation
36:00 Elite Temple Guard
37:45 Plate Mail Armor
37:10 Champi Runner
40:11 Bodkin Arrow
40:16 Padded Archer Armor
40:42 Conscription
40:24 Herbalism
39:45 Elite Guecha Warrior
40:07 Champi Warrior
42:07 Bracer
44:39 Elite Champi Warrior
58:09 Huaracas
Charly5
1:19 Loom
11:55 Feudal Age
12:33 Double-Bit Axe
13:11 Horse Collar
15:51 Gold Mining
18:13 Castle Age
17:04 Scale Barding Armor
18:30 Bloodlines
25:18 Heavy Plow
27:35 Chain Barding Armor
27:26 Forging
29:06 Bow Saw
31:38 Iron Casting
32:01 Gold Shaft Mining
31:17 Stone Mining
32:21 Pikeman
33:08 Fletching
36:17 Scale Mail Armor
36:13 Bodkin Arrow
36:40 Squires
37:56 Chain Mail Armor
39:47 Wheelbarrow
39:45 Town Watch
44:54 Imperial Age
42:37 Tuntian
42:41 Husbandry
44:35 Hand Cart
44:58 Heavy Hei Guang Cavalry
45:10 Halberdier
46:05 Fortified Wall
45:51 Murder Holes
46:59 Blast Furnace
51:07 Crop Rotation
56:34 Ballistics
57:31 Stone Shaft Mining
57:55 Ming Guang Armor
TFS|Nappa
6:39 Loom
10:14 Feudal Age
10:51 Double-Bit Axe
16:41 Wheelbarrow
19:49 Castle Age
18:07 Fletching
22:38 Hand Cart
25:50 Bow Saw
27:27 Bodkin Arrow
28:57 Horse Collar
168kcal
6:56 Loom
9:37 Feudal Age
10:34 Double-Bit Axe
15:50 Fletching
21:42 Castle Age
22:24 Wheelbarrow
22:02 Scale Barding Armor
21:58 Padded Archer Armor
22:02 Gold Mining
22:03 Stone Mining
23:13 Bow Saw
22:48 Horse Collar
31:39 Stone Mining
35:27 Heavy Plow
36:02 Bloodlines
39:23 Imperial Age
37:21 Hand Cart
36:51 Town Watch
38:37 Bloodlines
38:42 Forging
38:37 Scale Mail Armor
38:48 Squires
38:34 Arson
45:10 Masonry
53:39 Fortified Wall
TigerOfThanjai
4:16 Loom
11:02 Feudal Age
19:37 Castle Age
17:42 Double-Bit Axe
20:56 Wheelbarrow
24:55 Bloodlines
25:23 Bow Saw
25:33 Hand Cart
25:17 Horse Collar
25:32 Gold Mining
28:39 Stone Mining
28:51 Heavy Plow
32:18 Imperial Age
30:29 Gold Shaft Mining
30:39 Stone Shaft Mining
31:27 Scale Barding Armor
31:31 Kasbah
32:09 Forging
33:02 Chain Barding Armor
32:43 Heavy Camel Rider
33:26 Husbandry
34:04 Iron Casting
33:29 Elite Camel Archer
34:06 Fletching
35:54 Plate Barding Armor
35:42 Conscription
35:57 Thumb Ring
37:03 Blast Furnace
36:35 Ballistics
36:36 Maghrebi Camels
38:47 Siege Engineers
39:36 Masonry
40:08 Bodkin Arrow
41:16 Chemistry
41:27 Padded Archer Armor
41:28 Bracer
41:25 Light Cavalry
42:23 Leather Archer Armor
42:01 Hussar
46:22 Ring Archer Armor
54:27 Hoardings
55:58 Town Watch
Connection lost

Rejoining the realm…

Still unreachable

The connection could not be restored.

Session expired

The server has moved on; the page needs a fresh start.